 Dungeon Crawl Stone Soup version 0.30-a0-242-g7bf8e6d787 (webtiles) character file.

Game seed: 494513499507730865

29 llomar the Grasshopper (level 3, -8/31 HPs)
             Began as a Gnoll Warper on Oct 11, 2022.
             Killed from afar by Natasha (17 damage)
             ... with a bolt of light
             ... on level 2 of the Dungeon.
             The game lasted 00:04:42 (982 turns).

llomar the Grasshopper (Gnoll Warper)                Turns: 982, Time: 00:04:42

Health: -8/31      AC:  3    Str: 10    XL:     3   Next: 16%
Magic:  9/9        EV: 12    Int: 14    God:
Gold:   64         SH:  3    Dex: 11    Spells: 6/12 levels left

rFire   . . .      SeeInvis .    a - +0 spear
rCold   . . .      Faith    .    j - +0 buckler
rNeg    . . .      Spirit   .    b - +0 leather armour
rPois   .          Reflect  .    (no helmet)
rElec   .          Harm     .    (no cloak)
rCorr   .          Rampage  .    (no gloves)
Will    .....                    (no boots)
Stlth   +.........               (no amulet)
HPRegen 0.25/turn                (no ring)
MPRegen 0.11/turn                (no ring)

@: no status effects
A: fangs 1, strong nose, distributed training
a: no special abilities


You were on level 2 of the Dungeon.
You visited 1 branch of the dungeon, and saw 2 of its levels.

You collected 64 gold pieces.

Inventory:

Hand Weapons
 a - a +0 spear (weapon)
 h - a +0 war axe
Missiles
 d - 6 boomerangs of dispersal
 e - 14 stones (quivered)
Armour
 b - a +0 leather armour (worn)
 j - a +0 buckler (worn)
Scrolls
 c - a scroll of blinking
 f - a scroll of amnesia {unknown}
 i - a scroll of enchant armour {unknown}
 k - a scroll of silence {unknown}
 l - a scroll of vulnerability {unknown}
Potions
 g - 2 potions of curing {unknown}
 m - a potion of heal wounds {unknown}


   Skills:
 + Level 4.5 Fighting
 + Level 0.7 Short Blades
 + Level 0.7 Long Blades
 + Level 0.7 Axes
 + Level 0.7 Maces & Flails
 + Level 4.5 Polearms
 + Level 0.7 Staves
 + Level 0.7 Ranged Weapons
 + Level 2.6 Throwing
 + Level 2.6 Armour
 + Level 4.5 Dodging
 + Level 0.7 Stealth
 + Level 0.7 Shields
 + Level 0.7 Unarmed Combat
 + Level 5.0 Spellcasting
 + Level 0.5 Conjurations
 + Level 0.5 Hexes
 + Level 0.5 Summonings
 + Level 0.5 Necromancy
 + Level 5.4 Translocations
 + Level 0.5 Transmutations
 + Level 0.5 Fire Magic
 + Level 0.5 Ice Magic
 + Level 0.5 Air Magic
 + Level 0.5 Earth Magic
 + Level 0.5 Poison Magic
 + Level 0.9 Invocations
 + Level 0.7 Evocations


You had 6 spell levels left.
You knew the following spells:

 Your Spells              Type           Power      Damage    Failure   Level
a - Blink                 Tloc           36%        N/A       4%          2
b - Shock                 Conj/Air       16%        1d4       26%         1
c - Vhi's Electric Charg  Tloc/Air       22%        N/A       28%         3

Your spell library contained the following spells:

 Spells                   Type           Power      Damage    Failure   Level
 Lesser Beckoning         Tloc           36%        N/A       10%         3
 Teleport Other           Tloc           18%        N/A       10%         3
 Manifold Assault         Tloc           18%        N/A       32%         4
 Swiftness                Air            4%         N/A       58%         3
 Airstrike                Air            2%         2d(1-17)  94%         4


Dungeon Overview and Level Annotations

Branches:
Dungeon (2/15)

Altars:

Annotations:
D:2 Natasha


Innate Abilities, Weirdness & Mutations

You have very sharp teeth.
Your uncanny sense of smell can sniff out nearby items.
Your experience applies equally to all skills.


Message History

You block Natasha's attack.
You closely miss Natasha.
Natasha is moderately wounded.
Natasha closely misses you.
You hit Natasha but do no damage. You bite Natasha, but do no damage.
Natasha is moderately wounded.
You hit Natasha.
Natasha is moderately wounded.
You block Natasha's attack.
You hit Natasha but do no damage.
Natasha is moderately wounded.
Natasha wildly gestures.
Natasha glows brightly for a moment.
Natasha closely misses you.
You hit Natasha.
Natasha is heavily wounded.
Natasha claws you.
You closely miss Natasha.
Natasha is heavily wounded.
Natasha zaps a wand.
The bolt of light misses you.
You hit Natasha but do no damage.
Natasha is heavily wounded.
Natasha claws you.
You barely miss Natasha. Your bite misses Natasha.
Natasha is heavily wounded.
Natasha claws you.
You are too injured to fight recklessly!
You are too injured to fight recklessly!
You are too injured to fight recklessly!
You are too injured to fight recklessly!
You hit Natasha. Your bite misses Natasha.
Natasha is heavily wounded.
Natasha claws you.
* * * LOW HITPOINT WARNING * * *
Okay, then.
You hit Natasha.
Natasha is almost dead.
Natasha zaps a wand.
The bolt of light hits you!
Ouch! That really hurt!
You die... #.. ∆ wh.

..# #.# #.#
#.# #.#
..########.#
###
.......@hw.#
#..
..########.#
#.# #.# #.#
#.# #.# #.#
#†# #
#.#######.##.#
#........#...#
#########.####
#.# #.)#


You could see Natasha and a dart slug.

Vanquished Creatures
  3 endoplasms (D:1)
  3 giant cockroaches (D:1)
  A goblin (D:1)
  4 hobgoblins
  2 jackals (D:1)
  3 kobolds (D:1)
  2 quokkas
  A ball python (D:1)
  2 frilled lizards (D:1)
  3 rats (D:1)
24 creatures vanquished.

Notes
Turn   | Place    | Note
-------+----------+-------------------------------------------
     0 | D:1      | llomar the Gnoll Warper began the quest for the Orb.
     0 | D:1      | Reached XP level 1. HP: 20/20 MP: 6/6
    91 | D:1      | Reached XP level 2. HP: 26/26 MP: 7/7
   272 | D:1      | Learned a level 2 spell: Blink
   303 | D:1      | Learned a level 1 spell: Shock
   642 | D:1      | Reached skill level 5 in Spellcasting
   642 | D:1      | Reached XP level 3. HP: 23/31 MP: 7/9
   768 | D:1      | Learned a level 3 spell: Vhi's Electric Charge
   964 | D:2      | Noticed Natasha
   982 | D:2      | Killed from afar by Natasha

Illustrated notes

Levels and vault maps discovered:
D:1:      dpeg_arrival_rooms_b, layout_loops_ring, minmay_circled_x
D:2:      layout_loops_ring, uniq_natasha

Skill      XL: |  1  2 |
---------------+-------+-----
Spellcasting   | 5 |  5.0
Fighting       | |  4.5
Short Blades   | |  0.7
Long Blades    | |  0.7
Axes           | |  0.7
Maces & Flails | |  0.7
Polearms       | |  4.5
Staves         | |  0.7
Ranged Weapons | |  0.7
Throwing       | |  2.6
Armour         | |  2.6
Dodging        | |  4.5
Stealth        | |  0.7
Shields        | |  0.7
Unarmed Combat | |  0.7
Conjurations   | |  0.5
Hexes          | |  0.5
Summonings     | |  0.5
Necromancy     | |  0.5
Translocations | |  5.4
Transmutations | |  0.5
Fire Magic     | |  0.5
Ice Magic      | |  0.5
Air Magic      | |  0.5
Earth Magic    | |  0.5
Poison Magic   | |  0.5
Invocations    | |  0.9
Evocations     | |  0.7

Action                   || total
-------------------------++-------
Melee: Spear             ||    95
       Bite              ||    11
Throw: Stone             ||     3
       Boomerang         ||     1
 Cast: Shock             ||     1
 Stab: Distracted        ||     1
       Sleeping          ||     1
Armor: Leather armour    ||    12
Dodge: Dodged            ||    25
Block: Buckler           ||     8

Table legend: (Time is in decaauts)
 A = Elapsed time spent in this place.
 B = Non-inter-level travel time spent in this place.
 C = Inter-level travel time spent in this place.
 D = Time resting spent in this place.
 E = Time spent auto-exploring this place.
 F = Levels seen in this place.
 G = Mean time per level.
                   A        B        C        D        E       F      G
               +--------+--------+--------+--------+--------+-----+--------+
         Total |    972 |    950 |     22 |     97 |    528 |   2 |  486.0 |
       Dungeon |    972 |    950 |     22 |     97 |    528 |   2 |  486.0 |
               +--------+--------+--------+--------+--------+-----+--------+

Top non-repeatable levels by time:
     D:1: 893 daAuts
     D:2: 79 daAuts
